Map: Void Training Stage 3

Players

Michael - Winner!

  • Race: Protoss Protoss
  • League: Gold
  • Spawn Location: 6:00

Player 2

  • Race: Terran Terran
  • Spawn Location: 12:00

VOD

Have the link to the VOD?

Description

Time

  • Played on: Oct. 7, 2018, 12:14 a.m.
  • Length: 8:40
Show
View Real Time Build Order
Export as new Build Order

Michael Protoss - Winner!

Build Orders:  

Get SALT Encoding   

  1  0:00  Probe  
  12  0:05  Probe  
  14  0:17  Pylon  
  14  0:22  Probe  
  15  0:35  Probe  
  15  0:38  Gateway  
  16  0:48  Probe  
  17  0:50  Assimilator  
  17  0:57  Probe  
  18  1:05  Probe  
  19  1:14  Probe  
  20  1:26  Probe  
  20  1:28  Cybernetics Core  
  21  1:35  Pylon  
  21  1:36  Gateway  
  21  1:41  Probe  
  22  1:53  Probe  
  23  1:54  Zealot  
  25  2:10  Nexus  
  25  2:13  Warp Gate, Probe  
  25  2:22  Probe  
  27  2:32  Probe  
  27  2:33  Pylon  
  28  2:47  Probe  
  29  2:55  Zealot x2  
  33  3:00  Probe  
  33  3:03  Pylon  
  34  3:08  Assimilator  
  34  3:11  Stargate  
  34  3:12  Probe  
  33  3:13  Pylon  
  33  3:24  Gateway  
  33  3:25  Probe  
  33  3:28  Probe  
  33  3:33  Probe  
  35  3:41  Probe  
  37  3:43  Probe  
  38  3:53  Probe  
  38  3:55  Probe  
  40  3:57  Void Ray  
  40  3:59  Shield Battery  
  42  4:17  Probe x2  
  42  4:29  Probe x2  
  42  4:31  Pylon  
  44  4:34  Forge  
  44  4:36  Pylon  
  44  4:39  Gateway  
  44  4:41  Probe x2  
  44  4:44  Gateway  
  46  4:53  Probe x2  
  48  5:05  Probe x2  
  50  5:13  Photon Cannon  
  49  5:17  Probe  
  49  5:18  Zealot, Probe  
  49  5:19  Zealot x2  
  57  5:26  Protoss Shields Level 1  
  57  5:40  Zealot x4  
  63  5:57  Twilight Council  
  63  6:05  Gateway  
  63  6:12  Gateway, Pylon  
  63  6:13  Gateway  
  63  6:15  Gateway, Pylon  
  63  6:16  Photon Cannon  
  63  6:17  Gateway x2  
  63  6:18  Zealot x2, Void Ray  
  65  6:20  Gateway  
  65  6:21  Pylon  
  71  6:33  Charge  
  71  6:48  Nexus  
  71  7:09  Zealot x3  
  71  7:10  Zealot x3  
  71  7:11  Zealot x2  
  71  7:13  Zealot  
  89  7:22  Photon Cannon  
  89  7:25  Void Ray  
  93  7:38  Pylon  
  93  7:40  Pylon  
  93  7:43  Photon Cannon  
  93  7:46  Photon Cannon, Zealot  
  93  7:48  Zealot  
  97  8:02  Zealot  
  97  8:03  Zealot x2  
  97  8:04  Zealot x2  
  103  8:07  Zealot  
  101  8:13  Zealot  
  101  8:14  Zealot  
Show
View Real Time Build Order
Export as new Build Order

Player 2 Terran 

Build Orders:  

Get SALT Encoding   

  12  0:00  SCV  
  13  0:13  SCV  
  14  0:20  Supply Depot  
  14  0:25  SCV  
  15  0:42  SCV  
  16  0:43  Barracks  
  16  0:50  Refinery  
  16  0:54  SCV  
  17  1:06  SCV  
  18  1:16  Supply Depot  
  18  1:29  Marine  
  18  1:30  Orbital Command  
  19  1:45  Barracks  
  19  1:49  Barracks Tech Lab  
  19  2:07  SCV, Supply Depot, Marine  
  21  2:17  Refinery  
  21  2:19  SCV  
  22  2:24  Marine  
  22  2:29  Engineering Bay  
  23  2:31  SCV, Marine  
  25  2:43  Marauder  
  25  2:44  SCV  
  28  2:56  SCV  
  29  3:04  Marauder  
  31  3:08  SCV  
  32  4:10  SCV, Barracks Tech Lab, Marine  
  32  4:12  Factory  
  32  4:14  Supply Depot  
  32  4:16  Missile Turret  
  32  4:17  Missile Turret  
  32  4:22  SCV  
  32  4:28  Marine  
  33  4:33  Marine  
  33  4:35  Barracks  
  33  4:38  Supply Depot  
  34  4:39  Bunker  
  34  4:45  Marine  
  35  4:56  Marine  
  36  5:00  Starport, Factory Tech Lab  
  36  5:12  Sensor Tower  
  36  5:19  Widow Mine  
  38  5:30  Armory  
  38  5:37  Starport Tech Lab, Barracks Reactor  
  38  5:41  Widow Mine  
  40  5:46  Marine  
  40  5:51  Command Center  
  36  5:58  Raven, Marauder  
  40  6:10  Marauder  
  42  6:21  Siege Tank  
  45  6:41  Raven  
  47  7:03  SCV  
  47  7:06  SCV  
  49  7:12  Refinery  
  49  7:15  Missile Turret, SCV  
  50  7:17  Missile Turret  
  50  7:18  SCV  
  50  7:19  Refinery  
  51  7:27  SCV  
  52  7:30  SCV  
  53  7:38  Bunker  
  53  7:39  SCV  
  53  7:42  SCV  
  55  7:51  SCV  
  55  7:54  SCV  
  55  7:58  Marine  
  56  8:00  Supply Depot  
  56  8:04  SCV  
  46  8:05  Viking  
  46  8:06  SCV  
  39  8:12  Marine  
  39  8:16  SCV  
  26  8:28  SCV  
Tags
 
Add a new tag
Caveats
  • Supply blocks, unpowered buildings, or Contaminate may cause inaccurate times.
  • Supply counts are checked every 10 seconds.